 Dungeon Crawl Stone Soup version 0.28-a0-1524-ge72afd5fc6 (webtiles) character file.

Game seed: 5819093529381570193

60 bastard the Slasher (level 4, -14/33 HPs)
             Began as a Djinni Gladiator on Jan 17, 2022.
             Demolished by an ogre (29 damage)
             ... on level 3 of the Dungeon.
             The game lasted 00:01:44 (2162 turns).

bastard the Slasher (Djinni Gladiator)              Turns: 2162, Time: 00:01:45

Health: -14/33     AC:  4    Str: 13    XL:     4   Next: 24%
Gold:   88         EV: 13    Int:  9    God:
                   SH:  0    Dex: 23

rFire   + + .      SeeInvis .   a - +0 long sword
rCold   x . .      Faith    .   (no shield)
rNeg    . . .      Spirit   .   b - +0 leather armour
rPois   ∞          Reflect  .   c - +0 helmet
rElec   .          Harm     .   (no cloak)
rCorr   .          Rampage  .   (no gloves)
Will    +....                   (boots unavailable)
Stlth   ++........              (no amulet)
HPRegen 0.11/turn               f - ring of willpower
MPRegen 0.00/turn               h - +6 ring of dexterity

@: flying
A: sickness immunity, fire resistance 2, cold vulnerability 1, float, innate
caster, hp casting, extra vitality 1
a: no special abilities


You were on level 3 of the Dungeon.
You visited 1 branch of the dungeon, and saw 3 of its levels.

You collected 88 gold pieces.

Inventory:

Hand Weapons
 a - a +0 long sword (weapon)
Missiles
 d - 4 throwing nets (quivered)
Armour
 b - a +0 leather armour (worn)
 c - a +0 helmet (worn)
Jewellery
 f - a ring of willpower (left hand)
 h - a +6 ring of dexterity (right hand)
Scrolls
 e - 2 scrolls of holy word
 g - a scroll of identify


   Skills:
 - Level 2.0 Fighting
 + Level 4.3 Long Blades
 - Level 1.5 Throwing
 - Level 3.2 Dodging


You had 2 spell levels left.
You knew the following spells:

 Your Spells              Type           Power      Damage    Failure   Level
a - Sting                 Tmut/Pois      0%         1d3       45%         1
Your spell library was empty.

Dungeon Overview and Level Annotations

Branches:
Dungeon (3/15)

Altars:


Innate Abilities, Weirdness & Mutations

You are immune to sickness and miasma.
You are immune to poison.
Your flesh is very heat resistant. (rF++)
You are vulnerable to cold. (rC-)
You float through the air rather than walking.
You learn spells naturally, not from books.
Your magical power is your life essence.
You have superior vitality. (+4 MHP)


Message History

No target in view!
No target in view!
No target in view!
No target in view!
No target in view!
No target in view!
No target in view!
No target in view!
No target in view!
No target in view!
No target in view!
Found a stone staircase leading down.
No target in view!
No target in view!
No target in view!
No target in view!
An ogre comes into view. It is wielding a +0 giant club.
The ogre shouts!
You hear an angry hiss.
The ogre moves out of view.
No target in view!
You barely miss the ogre.
A frilled lizard comes into view.
The ogre hits you with a +0 giant club!
You hit the ogre.
The ogre is lightly wounded.
The ogre barely misses you.
You hit the ogre.
The ogre is moderately wounded.
The ogre barely misses you.
You closely miss the ogre.
The ogre is moderately wounded.
You hit the ogre.
The ogre is heavily wounded.
The ogre closely misses you.
You slash the ogre!
The ogre is almost dead.
The ogre hits you with a +0 giant club.
The ogre hits you with a +0 giant club!!
Ouch! That really hurt!
You die...

###### ##.....
#..≈.≈. #...⌠..
..#....###
......lO@#
###.#######.#
#..#......#.#
#.#.#####.#.#
#.#.##....#.#
##.###.#.##.##.#.#
.................#
.###.#..#######..#
#..# #..#


You could see an ogre and a frilled lizard.

Vanquished Creatures
  2 adders
  2 worms
  A bat (D:1)
  4 endoplasms
  2 giant cockroaches
  4 goblins
  3 hobgoblins
  3 jackals (D:1)
  3 quokkas
  4 ball pythons
  A frilled lizard (D:1)
  2 kobolds (D:1)
  A rat (D:1)
32 creatures vanquished.

Notes
Turn   | Place    | Note
-------+----------+-------------------------------------------
     0 | D:1      | bastard the Djinni Gladiator began the quest for the Orb.
     0 | D:1      | Reached XP level 1. HP: 18/18 MP: 0/0
     1 | D:1      | Noticed an electric eel
   123 | D:1      | Reached skill level 3 in Long Blades
   130 | D:1      | Reached XP level 2. HP: 7/23 MP: 0/0
   132 | D:1      | HP: 1/23 [kobold (3)]
   939 | D:2      | Reached XP level 3. HP: 28/28 MP: 0/0
   939 | D:2      | Learned a level 1 spell: Sting
  1174 | D:2      | Reached skill level 4 in Long Blades
  1657 | D:3      | Identified the +5 hand axe of Descent {speed, rC+ Int+5}
  1966 | D:3      | Reached XP level 4. HP: 33/33 MP: 0/0
  2152 | D:3      | Noticed an ogre
  2162 | D:3      | Demolished by an ogre

Illustrated notes

Levels and vault maps discovered:
D:1:      arrival_aquarium_a, layout_rooms, chequers_serial_rivers_small_a
D:2:      layout_loops_ring
D:3:      layout_loops_ring, shapermc_ecumenical_altar_mp_urbaneastern,
          grunt_ministairs_5, chequers_jeans,
          amcnicky_mini_rare_corridor_liquid, hangedman_feature_mirror

Skill      XL: |  1  2  3 |
---------------+----------+-----
Long Blades    | 3 4 |  4.3
Fighting       | |  2.0
Throwing       | |  1.5
Dodging        | |  3.2

Action                   |  1- 3 |  4- 6 || total
-------------------------+-------+-------++-------
Melee: Long sword        |    88 |    16 ||   104
  Use: Scroll            |     4 |       ||     4
 Stab: Sleeping          |     3 |     1 ||     4
Armor: Leather armour    |    25 |     5 ||    30
Dodge: Dodged            |    52 |    10 ||    62

Table legend: (Time is in decaauts)
 A = Elapsed time spent in this place.
 B = Non-inter-level travel time spent in this place.
 C = Inter-level travel time spent in this place.
 D = Time resting spent in this place.
 E = Time spent auto-exploring this place.
 F = Levels seen in this place.
 G = Mean time per level.
                   A        B        C        D        E       F      G
               +--------+--------+--------+--------+--------+-----+--------+
         Total |   2183 |   2133 |     50 |      0 |   1866 |   3 |  727.7 |
       Dungeon |   2183 |   2133 |     50 |      0 |   1866 |   3 |  727.7 |
               +--------+--------+--------+--------+--------+-----+--------+

Top non-repeatable levels by time:
     D:2: 859 daAuts
     D:1: 774 daAuts
     D:3: 549 daAuts
